 Dungeon Crawl Stone Soup version 0.25-a0-781-gc44aebf4fe (webtiles) character file.

Game seed: 10974518370873728419, levelgen mode: deterministic

60190 DildoBatman the Thaumaturge (level 15, -5/112 HPs)
             Began as a Formicid Wizard on Apr 15, 2020.
             Was an Initiate of Gozag.
             Killed by the malice of Kikubaaqudgha (32 damage)
             ... in a Gauntlet on Apr 16, 2020.
             The game lasted 02:09:33 (25294 turns).

DildoBatman the Thaumaturge (Formicid Wizard)      Turns: 25294, Time: 02:09:34

Health: -5/112     AC: 13    Str: 16    XL:     15   Next: 37%
Magic:  17/32      EV: 19    Int: 18    God:    Gozag
Gold:   1503       SH:  7    Dex: 12    Spells: 16/40 levels left

rFire    . . .     SeeInvis +   a - +4 trident (freeze)
rCold    + . .     Gourm    .   u - +2 buckler
rNeg     + . .     Faith    .   T - +2 troll leather armour
rPois    .         Spirit   .   (helmet unavailable)
rElec    +         Reflect  .   f - +1 cloak of Starlight {rElec rC+ EV+4 Stlth--}
rCorr    .         Harm     .   (no gloves)
MR       +....                  V - +2 pair of boots
Stlth    ..........             m - amulet of Pragmatism {RegenMP rN+ Str+3 Int-5 Slay+3}
HPRegen  0.68/turn              J - ring of wizardry
MPRegen  0.48/turn              w - +3 ring of dexterity

@: lightly drained
A: permanent stasis, dig shafts and tunnels, four strong arms, antennae 3
a: Dig, Shaft Self, Potion Petition, Call Merchant, Bribe Branch, Renounce
Religion


You were in a Gauntlet.
You worshipped Gozag.
Gozag was most pleased with you.
You were hungry.

You visited 4 branches of the dungeon, and saw 19 of its levels.
You also visited: Sewer and Gauntlet.

You collected 2402 gold pieces.
You spent 338 gold pieces at shops.
You paid 561 gold pieces to Gozag.

Inventory:

Hand Weapons
 a - a +4 trident of freezing (weapon)
 n - a +2 scimitar of flaming
 W - a +1 hunting sling of flaming
Missiles
 s - 88 sling bullets
 F - 4 curare-tipped darts
 S - 3 throwing nets (quivered)
Armour
 f - the +1 cloak of Starlight (worn) {rElec rC+ EV+4 Stlth--}
   (You found it on level 6 of the Dungeon)

   It affects your evasion (+4).
   It protects you from cold.
   It insulates you from electricity.
   It makes you much less stealthy.
 u - a +2 buckler (worn)
 T - a +2 troll leather armour (worn)
 V - a +2 pair of boots (worn)
Magical Staves
 b - an uncursed staff of wizardry
 E - an uncursed staff of energy
 N - an uncursed staff of air
Jewellery
 c - an uncursed ring of protection from cold
 k - an uncursed ring of resist corrosion
 m - the amulet of Pragmatism (around neck) {RegenMP rN+ Str+3 Int-5 Slay+3}
   (You took it off an orc on level 9 of the Dungeon)

   [amulet of magic regeneration]

   It increases your magic regeneration.
   It affects your strength (+3).
   It affects your intelligence (-5).
   It affects your accuracy and damage with ranged weapons and melee attacks
   (+3).
   It protects you from negative energy.
 q - an uncursed ring of positive energy
 w - a +3 ring of dexterity (right hand)
 D - an uncursed ring of protection from fire
 J - a ring of wizardry (left hand)
Wands
 A - a wand of flame (19)
 C - a wand of clouds (7)
 G - a wand of iceblast (16)
 U - a wand of acid (14)
Scrolls
 e - 3 scrolls of fog
 j - 3 scrolls of amnesia
 x - 10 scrolls of remove curse
 y - 8 scrolls of fear
 z - a scroll of identify
 H - 2 scrolls of immolation
 K - a scroll of torment
 P - 2 scrolls of vulnerability
Potions
 d - 3 potions of stabbing
 g - 3 potions of brilliance
 h - a potion of flight {unknown}
 l - 3 potions of curing
 p - 2 potions of invisibility
 B - 2 potions of magic
 M - 2 potions of might
Miscellaneous
 R - a lightning rod (4/4)
Comestibles
 v - 12 rations


   Skills:
 - Level 8.8(8.4) Fighting
 - Level 8.9(8.5) Armour
 - Level 7.7(7.3) Dodging
 - Level 2.4(2.0) Stealth
 - Level 6.0(5.6) Shields
 * Level 13.3(12.8) Spellcasting
 - Level 6.2(5.8) Conjurations
 - Level 4.0(3.7) Charms
   Level 1.0(0.6) Summonings
 - Level 9.1(8.7) Necromancy
   Level 0.8(0.5) Translocations
 - Level 5.0(4.6) Fire Magic
 - Level 4.0(3.6) Ice Magic
 - Level 5.2(4.8) Air Magic
 - Level 9.3(8.8) Earth Magic
 - Level 1.9(1.5) Evocations


You had 16 spell levels left.
You knew the following spells:

 Your Spells              Type           Power        Failure   Level  Hunger
a - Conjure Flame         Conj/Fire      ####....     1%          3    None
b - Borgnjor's Vile Clut  Necr/Erth      #####.....   2%          5    ####...
c - Magic Dart            Conj           ####         1%          1    None
e - Mephitic Cloud        Conj/Pois/Air  ###.....     1%          3    None
f - Vampiric Draining     Necr           #####.....   1%          3    None
g - Ozocubu's Armour      Chrm/Ice       ###.....     1%          3    None
h - Dispel Undead         Necr           #####...     1%          4    #......
z - Sublimation of Blood  Necr           #####.....   1%          2    None

Your spell library contained the following spells:

 Spells                   Type           Power        Failure   Level  Hunger
 Infusion                 Chrm           ###.         1%          1    None
 Pain                     Necr           ####         1%          1    None
 Shock                    Conj/Air       ####         1%          1    None
 Corpse Rot               Necr/Air       N/A          1%          2    None
 Ensorcelled Hibernation  Hex/Ice        ###...       1%          2    None
 Shroud of Golubria       Chrm/Tloc      ###...       1%          2    None
 Song of Slaying          Chrm           ###.....     1%          2    None
 Swiftness                Chrm/Air       ####....     1%          2    None
 Static Discharge         Conj/Air       ####....     1%          3    None
 Animate Dead             Necr           N/A          1%          4    #......
 Beastly Appendage        Tmut           ##....       2%          1    None
 Sting                    Tmut/Pois      ##..         2%          1    None
 Summon Butterflies       Summ           ##......     2%          1    None
 Dazzling Flash           Conj/Hex       ###...       2%          3    None
 Call Imp                 Summ           ##......     3%          2    None
 Slow                     Hex            ##......     4%          2    None
 Sticks to Snakes         Tmut           ##......     4%          2    None
 Spectral Weapon          Hex/Chrm       ###.....     4%          3    None
 Leda's Liquefaction      Hex/Erth       ####......   4%          4    #......
 Excruciating Wounds      Chrm/Necr      ####......   6%          5    ####...
 Lesser Beckoning         Tloc           ##........   7%          3    None
 Recall                   Summ/Tloc      N/A          7%          3    None
 Portal Projectile        Hex/Tloc       ##....       8%          3    None
 Summon Guardian Golem    Hex/Summ       ##......     8%          3    None
 Iskenderun's Mystic Bla  Conj/Tloc      ###.....     8%          4    #......
 Spider Form              Tmut/Pois      ##........   9%          3    None
 Summon Lightning Spire   Summ/Air       ###.....     9%          4    #......
 Lightning Bolt           Conj/Air       ####......   9%          5    ####...
 Summon Ice Beast         Ice/Summ       ###.....     12%         4    #......
 Iskenderun's Battlesphe  Conj/Chrm      ####....     12%         5    ####...
 Death Channel            Necr           #####.....   12%         6    ######.
 Ice Form                 Ice/Tmut       ###.....     13%         4    #......
 Silence                  Hex/Air        ###.......   28%         5    ####...
 Simulacrum               Ice/Necr       ####......   32%         6    ######.
 Conjure Ball Lightning   Conj/Air       ####......   43%         6    ######.
 Summon Forest            Summ/Tloc      ##........   50%         5    ####...
 Summon Mana Viper        Hex/Summ       ##......     52%         5    ####...
 Deflect Missiles         Chrm/Air       ####......   56%         6    ######.
 Blade Hands              Tmut           ##........   58%         5    ####...
 Dispersal                Tloc           ##........   96%         6    ######.
 Haunt                    Necr/Summ      ####......   96%         7    #######
 Darkness                 Hex            ##........   98%         6    ######.
 Spellforged Servitor     Conj/Summ      ###.......   99%         7    #######
 Borgnjor's Revivificati  Necr           #####.....   99%         8    #######
 Infestation              Necr           #####.....   99%         8    #######
 Malign Gateway           Summ/Tloc      ##........   100%        7    #######
 Summon Hydra             Summ           ##........   100%        7    #######
 Death's Door             Chrm/Necr      ####......   100%        8    #######
 Necromutation            Tmut/Necr      ####......   100%        8    #######
 Dragon's Call            Summ           ##........   100%        9    #######
 Tornado                  Air            ####......   100%        9    #######
 Blink                    Tloc           Unusable     N/A         2    N/A
 Controlled Blink         Tloc           Unusable     N/A         8    N/A

Dungeon Overview and Level Annotations

Branches:
Dungeon (14/15)            Temple (1/1) D:7            Lair (2/6) D:11
  Snake (0/4) Lair:2          Orc (2/2) D:9             Elf (0/3) Orc:2
 Vaults (0/5) D:14          Sewer (visited)         Gauntlet (1/1)
  Swamp: Lair:2-4    Shoals: Lair:2-4

Altars:
Ashenzari
Cheibriados
Dithmenos
Elyvilon
Fedhas
Gozag
Hepliaklqana
Kikubaaqudgha
Makhleb
Nemelex Xobeh
Okawaru
Qazlal
Ru
Sif Muna
Trog
Uskayaw
Vehumet
Wu Jian
Xom
Yredelemnul
Zin
The Shining One

Shops:
D:8 !   Orc:1 ?

Annotations:
D:10 1 runed translucent door, Oggdrasil's ghost, novice SpTm
Orc:2 Saint Roka Gauntlet 7 transporters


Innate Abilities, Weirdness & Mutations

You cannot be hasted, slowed, berserked, paralysed or teleported.
You can dig through walls and to a lower floor.
Your four strong arms can wield two-handed weapons with a shield.
You have a pair of large antennae on your head. (SInv)


Message History

Attack whom?
Press: ? - help, Dir - move target cursor, f/p - cyclops zombie
Aim: a cyclops zombie (heavily damaged)
You reach to attack!
You puncture the cyclops zombie! You freeze the cyclops zombie.
The cyclops zombie is severely damaged.
Casting: Borgnjor's Vile Clutch (safe; 2% risk of failure)
Confirm with . or Enter, or press ? or * to list all spells.
The fire begins to smolder!
The shadow imp puffs mist at you.
Casting: Conjure Flame (safe; 1% risk of failure)
Confirm with . or Enter, or press ? or * to list all spells.
The fire ignites!
You are engulfed in blazing flames.
The shadow imp grinds its teeth.
Kikubaaqudgha's malice focuses upon you.
Pain shoots through your body!!
You die...
Your body crumbles into a pile of gold.

##≈###≈###≈###≈###≈###≈###≈###≈##
#≈≈≈#≈≈≈#≈≈≈#≈≈≈#≈≈≈#≈≈≈#≈≈≈#≈≈≈#
.................................
..#########...#########...#######
..###.....#.8.#©#.#...#.8.###...#
..####.##5#...##..#.#.#...###...#
..#2"..##5#####..[#.#.######.'##.
..#©#.©.#5#©.©####©.#.#©.©#©.#©#.
..#5##...2#...#^@†..#.#...##.##'"
..#.##.####...#Z####..#...###...#
..#..52.###8©8#.......#8©8###...#
..###############################
.................................
#≈≈≈#≈≈≈#≈≈≈#≈≈≈#≈≈≈#...8⌠8..8∩8.
##≈###≈###≈###≈###≈###...........
### ### ### ### ### ############
#≈..........


You could see a reaper, 3 shadow imps and a cyclops zombie.

Vanquished Creatures
  A deep elf sorcerer (D:11)
  Azrael (D:14)
  2 ettins (Orc:1)
  Fannar (Lair:2)
  3 hydras
  Erica (Lair:1)
  3 two-headed ogres
  5 death yaks (Lair:2)
  2 orc high priests (Orc:2)
  A hell hog (Gauntlet)
  A queen ant (Gauntlet)
  3 vampire magi (D:11)
  2 slime creatures (Gauntlet)
  Sonja (D:13)
  An iron troll (D:14)
  A deep troll (Orc:1)
  An unseen horror (D:11)
  Pikel (D:5)
  2 glowing orange brains (Gauntlet)
  2 wolf spider zombies
  8 deep elf magi (D:11)
  4 oklob plants (Lair:1)
  5 orc sorcerers
  2 ugly things
  A cyclops (D:12)
  4 orc knights
  A manticore (D:13)
  3 centaur zombies
  Maurice (D:8)
  A black mamba (Lair:1)
  3 naga magi (D:11)
  Psyche (D:11)
  2 centaur skeletons
  2 gargoyles
  A freezing wraith (D:14)
  3 spiny frogs
  3 kobold demonologists (D:14)
  A komodo dragon (Lair:1)
  7 trolls
  A redback zombie (D:13)
  2 hydra zombies
  A polar bear (shapeshifter) (D:14)
  A queen bee (D:12)
  2 hydra skeletons (Lair:1)
  A hornet (D:10)
  5 blink frogs (Lair:1)
  A hippogriff (shapeshifter) (D:14)
  A black mamba zombie (Gauntlet)
  7 hippogriffs
  A meliai zombie (D:13)
  11 spriggans (Lair:1)
  9 yaks
  A wraith (D:10)
  2 black mamba skeletons (Lair:1)
  3 wyverns
  3 fire bats (Gauntlet)
  2 fire elementals (D:14)
  A fire dragon skeleton (D:13)
  A basilisk (D:12)
  6 hungry ghosts
  7 soldier ants
  7 wargs
  5 water moccasins
  A floating eye (shapeshifter) (D:14)
  6 hell hounds
  4 porcupines
  3 spiny frog skeletons
  26 orc warriors
  5 sky beasts
  2 eyes of draining (D:13)
  4 phantoms
  3 slaves (D:5)
  An ice beast (D:11)
  2 black bears
  18 ogres
  8 centaurs
  An elephant skeleton (Lair:1)
  2 elf skeletons
  3 wolves (Lair:1)
  6 crocodiles
  Blork the orc (D:5)
  3 big kobolds
  A fire crab zombie (Lair:1)
  A rime drake skeleton (Lair:1)
  A hippogriff zombie (Gauntlet)
  2 komodo dragon skeletons (Lair:1)
  8 bullfrogs
  A salamander skeleton (Gauntlet)
  A wyvern skeleton (D:13)
  2 wyvern zombies (D:11)
  A warg zombie (Orc:1)
  3 scorpions
  2 warg skeletons
  25 killer bees
  A tengu skeleton (Gauntlet)
  12 wights
  2 troll skeletons (Orc:1)
  6 crimson imps
  A bullfrog zombie (Lair:1)
  2 howler monkeys
  4 hounds
  6 jellies
  3 bullfrog skeletons
  14 orc priests
  3 gnoll shamans (D:9)
  3 iguanas
  A kobold skeleton (D:13)
  25 orc wizards
  5 worker ants
  A killer bee zombie (D:3)
  2 ogre zombies (Orc:1)
  A crocodile zombie (Gauntlet)
  An ogre skeleton (Orc:2)
  2 crocodile skeletons (Lair:1)
  3 worker ant zombies
  2 hound skeletons
  Robin (D:4)
  11 gnolls
  3 orc zombies
  14 adders
  An ooze (D:3)
  7 orc skeletons
  4 worms
  2 dart slugs
  8 leopard geckos
  62 orcs
  4 bats
  11 giant cockroaches
  6 hobgoblins
  15 jackals
  29 kobolds
  6 quokkas
  6 ball pythons
  A ball python skeleton (D:14)
  7 frilled lizards
  A gnoll zombie (Orc:2)
  18 goblins
  A leopard gecko skeleton (D:4)
  2 leopard gecko zombies
  2 quokka skeletons
  A quokka zombie (D:10)
  5 rats
  2 butterflies (Lair:1)
  2 plants
648 creatures vanquished.

Vanquished Creatures (collateral kills)
  A killer bee (D:12)
  An orc wizard (D:12)
2 creatures vanquished.

Vanquished Creatures (others)
  A slave (D:5)
  A big kobold (D:9)
  An electric eel (D:10)
  4 fungi
  12 plants
19 creatures vanquished.

Grand Total: 669 creatures vanquished

Notes
Turn   | Place    | Note
-------+----------+-------------------------------------------
     0 | D:1      | DildoBatman the Formicid Wizard began the quest for the
                  | Orb.
     0 | D:1      | Reached XP level 1. HP: 13/13 MP: 4/4
   103 | D:1      | Reached skill level 1 in Conjurations
   461 | D:1      | Reached XP level 2. HP: 18/19 MP: 4/6
   791 | D:1      | Reached XP level 3. HP: 24/24 MP: 1/7
   796 | D:1      | Learned a level 3 spell: Conjure Flame
   800 | D:1      | Learned a level 3 spell: Mephitic Cloud
  1639 | D:2      | Reached XP level 4. HP: 30/30 MP: 4/8
  2401 | D:2      | Reached XP level 5. HP: 35/35 MP: 2/9
  3023 | D:3      | Found a faded altar of an unknown god.
  3330 | D:4      | Reached XP level 6. HP: 41/41 MP: 4/10
  3482 | D:4      | Reached skill level 1 in Fire Magic
  3515 | D:4      | Noticed Robin
  3540 | D:4      | Killed Robin
  3544 | D:4      | Reached skill level 1 in Air Magic
  3655 | D:4      | Found a glowing drain.
  3724 | Sewer    | Entered a sewer
  4754 | D:4      | Noticed a phantom
  4777 | D:4      | Reached skill level 5 in Conjurations
  5026 | D:4      | Found a blossoming altar of Fedhas.
  5179 | D:4      | Reached XP level 7. HP: 30/46 MP: 4/11
  5454 | D:5      | Entered Level 5 of the Dungeon
  5610 | D:5      | Noticed a wyvern
  5837 | D:6      | Noticed Blork the orc
  5850 | D:6      | Found the +1 cloak of Starlight {rElec rC+ EV+4 Stlth--}
  5985 | D:6      | Found a bloodstained altar of Trog.
  5985 | D:6      | Found a hazy altar of Hepliaklqana.
  5990 | D:6      | Found a glowing golden altar of the Shining One.
  6148 | D:6      | Found an ancient bone altar of Kikubaaqudgha.
  6153 | D:6      | Became a worshipper of Kikubaaqudgha
  6338 | D:6      | Reached XP level 8. HP: 44/52 MP: 2/12
  6343 | D:6      | Got a thick robe
  6575 | D:6      | Identified the +2 robe of Pride {MR+} (You found it on
                  | level 6 of the Dungeon)
  7234 | D:4      | Reached * piety under Kikubaaqudgha
  7234 | D:4      | Identified Kikubaaqudgha's Guide on Stolen Souls
                  | (Kikubaaqudgha gifted it to you on level 4 of the Dungeon)
  7234 | D:4      | Received a gift from Kikubaaqudgha
  7239 | D:4      | Learned a level 2 spell: Sublimation of Blood
  7243 | D:4      | Learned a level 3 spell: Vampiric Draining
  7784 | D:5      | Killed Blork the orc
  7784 | D:5      | Reached skill level 1 in Necromancy
  7784 | D:5      | Reached skill level 5 in Fire Magic
  7874 | D:5      | Killed a wyvern
  7874 | D:5      | Reached XP level 9. HP: 46/57 MP: 3/13
  8004 | D:5      | Noticed Pikel
  8092 | D:5      | Killed Pikel
  8092 | D:5      | Reached skill level 5 in Air Magic
  8373 | D:7      | Found a staircase to the Ecumenical Temple.
  8373 | D:7      | Noticed a hippogriff
  8632 | D:7      | Reached skill level 5 in Necromancy
  8714 | D:7      | HP: 2/57 [worker ant zombie (3)]
  8825 | D:7      | Killed a hippogriff
  8914 | Temple   | Entered the Ecumenical Temple
  9475 | D:7      | Found a stormy altar of Qazlal.
  9475 | D:7      | Found a shimmering blue altar of Sif Muna.
  9476 | D:7      | Found an opulent altar of Gozag.
  9507 | D:7      | Found an iron altar of Okawaru.
 10182 | D:8      | Found Oplilac's Distillery.
 10191 | D:8      | Bought 2 potions of degeneration for 26 gold pieces
 10507 | D:8      | Reached XP level 10. HP: 63/63 MP: 5/15
 10893 | D:8      | Reached skill level 4 in Spellcasting
 11104 | D:8      | Reached ** piety under Kikubaaqudgha
 11313 | D:8      | Noticed Maurice
 11333 | D:8      | Killed Maurice
 11333 | D:8      | Reached skill level 5 in Spellcasting
 11710 | D:9      | Reached skill level 6 in Spellcasting
 11833 | D:9      | Found a staircase to the Orcish Mines.
 12052 | D:9      | Reached skill level 7 in Spellcasting
 12109 | D:9      | Identified the amulet of Pragmatism {RegenMP rN+ Str+3
                  | Int-5 Slay+3}
 12336 | D:9      | Reached skill level 1 in Armour
 12336 | D:9      | Reached skill level 1 in Evocations
 12373 | D:9      | Reached skill level 1 in Fighting
 12557 | D:9      | Reached XP level 11. HP: 39/72 MP: 7/21
 12652 | D:9      | Reached *** piety under Kikubaaqudgha
 12652 | D:9      | Identified Kikubaaqudgha's Tome of Stolen Souls
                  | (Kikubaaqudgha gifted it to you on level 9 of the Dungeon)
 12652 | D:9      | Received a gift from Kikubaaqudgha
 12652 | D:9      | Reached skill level 1 in Shields
 12663 | D:9      | Learned a level 4 spell: Dispel Undead
 12669 | D:9      | Learned a level 5 spell: Borgnjor's Vile Clutch
 12919 | D:9      | Reached skill level 1 in Earth Magic
 13519 | D:10     | Entered Level 10 of the Dungeon
 13663 | D:10     | Reached skill level 5 in Earth Magic
 13676 | D:10     | Learned a level 3 spell: Ozocubu's Armour
 13760 | D:10     | Reached **** piety under Kikubaaqudgha
 14163 | D:10     | Found a runed translucent door.
 14163 | D:10     | Noticed a yaktaur captain
 14163 | D:10     | Noticed Oggdrasil's ghost (novice SpTm)
 14799 | D:11     | Noticed a deep elf mage
 14799 | D:11     | Noticed a deep elf mage
 14804 | D:11     | Killed a deep elf mage
 14805 | D:11     | Killed a deep elf mage
 14819 | D:11     | Noticed a vampire mage
 14819 | D:11     | Noticed a vampire mage
 14822 | D:11     | Noticed a flayed ghost
 14823 | D:11     | Noticed a flayed ghost
 14823 | D:11     | Killed a vampire mage
 14932 | D:11     | Killed a vampire mage
 14949 | D:11     | Noticed a vampire mage
 14957 | D:11     | Killed a vampire mage
 14957 | D:11     | Reached XP level 12. HP: 80/80 MP: 3/22
 15025 | D:11     | Noticed a two-headed ogre
 15047 | D:11     | Killed a two-headed ogre
 15197 | D:11     | HP: 4/83 [poisoned by a naga mage (bolt of poison)]
 15205 | D:11     | HP: 4/83 [poisoned by a naga mage (bolt of poison)]
 15292 | D:11     | Noticed an unseen horror
 15297 | D:11     | Killed an unseen horror
 15297 | D:11     | Reached skill level 5 in Shields
 15395 | D:8      | Bought a potion of heal wounds for 65 gold pieces
 15395 | D:8      | Bought a potion of curing for 39 gold pieces
 15395 | D:8      | Bought a potion of invisibility for 104 gold pieces
 15395 | D:8      | Bought a potion of magic for 104 gold pieces
 15501 | D:11     | Reached ***** piety under Kikubaaqudgha
 15691 | D:11     | Noticed Psyche
 15861 | D:11     | Killed Psyche
 15893 | D:11     | Noticed a five-headed hydra
 15902 | D:11     | Killed a five-headed hydra
 15902 | D:11     | Reached skill level 1 in Charms
 15902 | D:11     | Reached skill level 1 in Ice Magic
 15959 | D:11     | Identified the Catalogue of Lightness and Self-Improvement
 15973 | D:11     | Identified Sif Muna's Reference Book on Enhancements and
                  | Execration
 15983 | D:11     | Found a shimmering blue altar of Sif Muna.
 16171 | D:11     | Noticed a deep elf sorcerer
 16175 | D:11     | Reached skill level 5 in Fighting
 16175 | D:11     | Reached skill level 5 in Armour
 16187 | D:11     | Killed a deep elf sorcerer
 16324 | D:11     | Identified the Collected Works on Supportive Enhancements
 16326 | D:11     | Identified the Tome of Creative Fascination
 16355 | D:11     | Identified the Guide on Beguiling and Ice
 16357 | D:11     | Identified the Volume of Translocation and Attacks
 16389 | D:11     | Reached XP level 13. HP: 78/91 MP: 13/24
 16390 | D:11     | Reached skill level 5 in Dodging
 16444 | D:11     | Fell from the grace of Kikubaaqudgha
 16497 | D:11     | Identified Lokerch's Volume of Warped Venom
 16733 | D:11     | Found a staircase to the Lair.
 17230 | Orc:1    | Entered Level 1 of the Orcish Mines
 17254 | Orc:1    | Noticed an ettin
 17270 | Orc:1    | Killed an ettin
 17426 | Orc:1    | Found a radiant altar of Vehumet.
 17509 | Orc:1    | Reached skill level 8 in Spellcasting
 17691 | Orc:1    | Noticed an ettin
 17725 | Orc:1    | Killed an ettin
 17940 | Orc:1    | Found Pinippeu's Magic Scroll Emporium.
 18118 | Orc:2    | Entered Level 2 of the Orcish Mines
 19659 | Orc:2    | Found a staircase to the Elven Halls.
 19839 | Orc:2    | Noticed Saint Roka
 20359 | D:12     | Reached skill level 9 in Spellcasting
 20619 | D:12     | Reached XP level 14. HP: 102/103 MP: 27/27
 20638 | D:12     | Found a hide-covered altar of Uskayaw.
 21251 | D:13     | Noticed Sonja
 21262 | D:13     | Killed Sonja
 21790 | D:14     | Noticed Azrael
 22516 | D:14     | Killed Azrael
 22638 | D:14     | Found a gate to the Vaults.
 23088 | D:7      | Became a worshipper of Gozag Ym Sagoz the Greedy
 23190 | Lair:1   | Entered Level 1 of the Lair of Beasts
 23246 | Lair:1   | Reached skill level 10 in Spellcasting
 23289 | Lair:1   | Noticed Erica
 23313 | Lair:1   | Killed Erica
 23726 | Lair:1   | Reached skill level 11 in Spellcasting
 24238 | Lair:1   | Reached XP level 15. HP: 30/112 MP: 20/30
 24481 | Lair:2   | Found a staircase to the Snake Pit.
 24524 | Lair:2   | Noticed Fannar
 24542 | Lair:2   | Reached skill level 12 in Spellcasting
 24549 | Lair:2   | Killed Fannar
 24650 | Lair:2   | Found a gate leading to a gauntlet.
 24674 | Gauntlet | Entered a Gauntlet
 24674 | Gauntlet | Found a transporter.
 24683 | Gauntlet | Found a transporter.
 24686 | Gauntlet | Found a transporter.
 24687 | Gauntlet | Found a transporter.
 24695 | Gauntlet | Found a transporter.
 24698 | Gauntlet | Found a transporter.
 24699 | Gauntlet | Found a transporter.
 24703 | Gauntlet | Found a runed translucent door.
 24707 | Gauntlet | Found a transporter.
 24710 | Gauntlet | Found a transporter.
 24711 | Gauntlet | Found a transporter.
 24719 | Gauntlet | Found a runed translucent door.
 24722 | Gauntlet | Found a transporter.
 24723 | Gauntlet | Found a transporter.
 24744 | Gauntlet | Found a transporter.
 24744 | Gauntlet | Noticed a reaper
 24763 | Gauntlet | Found a transporter.
 25156 | Gauntlet | Reached skill level 13 in Spellcasting
 25294 | Gauntlet | Killed by the malice of Kikubaaqudgha

Levels and vault maps discovered:
D:1:      minmay_arrival_cross, layout_basic, chequers_decorated_corner
D:2:      layout_basic, first_ration, minmay_heptomino_o4
D:3:      layout_rooms, chequers_ecumenical_altar_island
D:4:      minmay_recursive_quarters, layout_basic, kennysheep_little_box,
          cheibrodos_sewer_entry_bend, uniq_robin
D:5:      layout_loops_ring, serial_bayou_pond_a, kennysheep_generic_room_8,
          uniq_pikel
D:6:      layout_rooms, minitemple, uniq_blork_the_orc
D:7:      layout_gridville, lemuel_coloured_pillars_altar,
          gammafunk_temple_overflow_claw, minmay_temple_entry_arrows
D:8:      layout_basic, serial_shops, shop, uniq_maurice
D:9:      kennysheep_seaside_town, layout_loops_cross, orc_david_3
D:10:     layout_basic, ebering_ghost_inner_flame
D:11:     evilmike_library_of_no_secrets, layout_basic, lair_entry_dummy,
          uniq_psyche
D:12:     layout_loops_corners, basic_altar, david_nohive_1
D:13:     layout_basic, uniq_sonja
D:14:     layout_loops_ring, david_vaults_4, makhleb_altar_promises_db,
          uniq_azrael
Temple:   oiseaux_autumnal_temple
Lair:1:   kb_forest_paths, layout_chaotic_city, minmay_lair_oklob_chamber,
          lemuel_fruit_fields, infiniplex_staircase_pool_2, uniq_erica
Lair:2:   layout_chaotic_city, elwin_shoals_entry_rooms, dummy_snake_entry,
          gauntlet_entry_generic, uniq_fannar
Orc:1:    layout_caves, basic_altar, serial_shops, nicolae_shop_waterfront
Orc:2:    grunt_orc_cross, layout_caves, guppyfry_orc_lava_fort
Gauntlet: gammafunk_gauntlet_77_escape_option
          [minmay_gauntlet_arena_77_two_paths, minmay_gauntlet_arena_77_fan,
          minmay_gauntlet_arena_77_cramped,
          minmay_gauntlet_arena_77_radiant_squares,
          minmay_gauntlet_arena_77_p_blocks,
          nicolae_gauntlet_exit_dead_adventurers]

Skill      XL: |  1  2  3  4  5  6  7  8  9 10 11 12 13 14 15 |
---------------+----------------------------------------------+-----
Conjurations   | 1 2 3 4 5 6 |  6.2
Fire Magic     | 2 3 5 |  5.0
Air Magic      | 1 2 4 5 |  5.2
Necromancy     | 2 6 8 9 |  9.1
Spellcasting   | 7 9 11 13 | 13.3
Dodging        | 2 3 4 6 7 |  7.7
Armour         | 1 2 5 7 8 |  8.9
Evocations     | 1 |  1.9
Fighting       | 1 2 5 7 8 |  8.8
Shields        | 4 6 |  6.0
Earth Magic    | 9 |  9.3
Charms         | 2 4 |  4.0
Ice Magic      | 2 4 |  4.0
Stealth        | |  2.4
Summonings     | |  1.0
Translocations | |  0.8

Action                   |  1- 3 |  4- 6 |  7- 9 | 10-12 | 13-15 || total
-------------------------+-------+-------+-------+-------+-------++-------
Melee: Club              |     8 |       |       |       |       ||     8
       Unarmed           |     4 |       |       |       |       ||     4
       Spear             |    29 |     7 |       |       |       ||    36
       Dagger            |       |   162 |   271 |     5 |       ||   438
       Trident           |       |       |       |   446 |   774 ||  1220
 Fire: Hunting sling     |       |    18 |       |       |    10 ||    28
       Shortbow          |       |       |    34 |    81 |       ||   115
Throw: Dart              |       |       |       |       |     3 ||     3
 Cast: Magic Dart        |    67 |   145 |   102 |    54 |    12 ||   380
       Mephitic Cloud    |     1 |     2 |    41 |    60 |    79 ||   183
       Conjure Flame     |       |     5 |    10 |    97 |    82 ||   194
       Vampiric Draining |       |       |       |    16 |    17 ||    33
       Borgnjor's Vile C |       |       |       |    26 |   142 ||   168
       Dispel Undead     |       |       |       |     4 |    23 ||    27
       Sublimation of Bl |       |       |       |     2 |       ||     2
       Ozocubu's Armour  |       |       |       |     3 |    15 ||    18
Invok: Renounce Religion |       |       |       |       |     1 ||     1
       Potion Petition   |       |       |       |       |     1 ||     1
 Abil: Dig               |     3 |    13 |    19 |    10 |    30 ||    75
Evoke: Wand              |       |       |       |    14 |     2 ||    16
  Use: Scroll            |       |     6 |     7 |     3 |     8 ||    24
       Potion            |       |       |     2 |     4 |     4 ||    10
 Stab: Sleeping          |     1 |       |       |       |     1 ||     2
       Confused          |       |     1 |     9 |    22 |    33 ||    65
       Distracted        |       |       |     2 |       |     2 ||     4
  Eat: Ration            |     1 |     1 |     1 |     3 |     9 ||    15
       Chunk             |       |     9 |    20 |    19 |    39 ||    87
Armor: Robe              |    16 |     5 |    23 |    33 |    89 ||   166
       Animal skin       |       |    13 |    10 |       |       ||    23
       Troll leather arm |       |       |       |       |    79 ||    79
Dodge: Dodged            |    67 |    88 |   206 |   178 |   506 ||  1045
Block: Buckler           |       |       |       |    24 |   177 ||   201

Table legend:
 A = Non-vault XP
 B = Vault XP
 C = Vault XP percentage of total XP
 D = Non-vault monster count
 E = Vault monster count
 F = Vault count percentage of total count
                 A         B        C        D         E       F
            +---------+---------+-------+---------+---------+-------
      Total |   41950 |   44036 |  51.2 |     382 |     214 |  35.9
            +---------+---------+-------+---------+---------+-------
        D:1 |      61 |       0 |   0.0 |      26 |       0 |   0.0
        D:2 |      69 |      12 |  14.8 |      21 |       4 |  16.0
        D:3 |      99 |       0 |   0.0 |      16 |       0 |   0.0
        D:4 |     298 |     475 |  61.4 |      16 |      24 |  60.0
        D:5 |     479 |     736 |  60.6 |       9 |       2 |  18.2
        D:6 |     510 |       0 |   0.0 |      16 |       0 |   0.0
        D:7 |     806 |       0 |   0.0 |      20 |       0 |   0.0
        D:8 |    1206 |     480 |  28.5 |      24 |       1 |   4.0
        D:9 |    2472 |    1710 |  40.9 |      21 |      34 |  61.8
       D:10 |    2680 |       0 |   0.0 |      42 |       0 |   0.0
       D:11 |    5211 |   12157 |  70.0 |      16 |      21 |  56.8
       D:12 |    2514 |    1161 |  31.6 |      15 |      16 |  51.6
       D:13 |    4477 |     802 |  15.2 |      18 |       1 |   5.3
       D:14 |    2543 |    3963 |  60.9 |      24 |      11 |  31.4
     Temple |     124 |       0 |   0.0 |       1 |       0 |   0.0
     Lair:1 |    6201 |    7592 |  55.0 |      26 |      25 |  49.0
     Lair:2 |    5152 |    1002 |  16.3 |       9 |       1 |  10.0
      Orc:1 |    5248 |    1315 |  20.0 |      36 |       4 |  10.0
      Orc:2 |     987 |    6737 |  87.2 |      25 |      28 |  52.8
      Sewer |       0 |      45 | 100.0 |       0 |      21 | 100.0
   Gauntlet |     813 |    5849 |  87.8 |       1 |      21 |  95.5
            +---------+---------+-------+---------+---------+-------
